 Dungeon Crawl Stone Soup version 0.31-a0-1074-g0b22e4e0f1 (webtiles) character file.

Game seed: 2467258353725141082

362197 grandjackal the Cloud Mage (level 22, -28/152 HPs)
             Began as a Tengu Conjurer on Nov 30, 2023.
             Was the Champion of Vehumet.
             Annihilated by a rockslime (42 damage)
             ... on level 4 of the Pits of Slime on Dec 1, 2023.
             The game lasted 02:11:38 (60576 turns).

grandjackal the Cloud Mage (Tengu Conjurer)        Turns: 60576, Time: 02:11:39

Health: -28/152    AC: 21    Str: 15    XL:     22   Next: 47%
Magic:  11/44      EV: 14    Int: 30    God:    Vehumet [******]
Gold:   4508       SH: 12    Dex: 15    Spells: 5/56 levels left

rFire   + + .        i - staff of air
rCold   + + .        K - +2 buckler {rF+}
rNeg    . . .        E - +7 Kryia's mail coat {PotionHeal*2 rC+}
rPois   +            g - +2 hat
rElec   +            B - scarf {rC+ rF+}
rCorr   +            c - +2 pair of gloves {Str+3}
SInv    .            (boots unavailable)
Will    +....        I - amulet of reflection
Stlth   +            D - ring of the Thieving Gods {rCorr Str+4 Int+3}
HPRegen 0.45/turn    W - ring of poison resistance
MPRegen 0.29/turn

%: reflection, acrobat
@: fragile, flying, studying Axes
A: beak, talons 3, evasive flight, acrobatic
}: 2/15 runes: barnacled, gossamer
a: Renounce Religion


You were on level 4 of the Pits of Slime.
You worshipped Vehumet.
Vehumet was exalted by your worship.
You visited 9 branches of the dungeon, and saw 43 of its levels.
You also visited: Bailey and Ice Cave.

You collected 6769 gold pieces.
You spent 2261 gold pieces at shops.

Inventory:

Hand Weapons
 e - a +0 short sword of venom
Missiles
 J - 3 throwing nets (quivered)
Armour
 c - a +2 pair of gloves of strength (worn)
 g - a +2 hat (worn)
 B - a scarf of resistance (worn)
 E - the +7 Kryia's mail coat (worn) {PotionHeal*2 rC+}
   (You acquired it in a bailey)

   PotionHeal*2: Potions heal its wearer twice as much.
   rC+:       It protects you from cold.
 K - a +2 buckler of fire resistance (worn)
Magical Staves
 i - a staff of air (weapon)
 X - a staff of conjuration
Jewellery
 A - the ring "Woumehin" {rC+ Int+6}
   (You found it on level 3 of the Elven Halls)

   [ring of intelligence]

   Int+6:     It affects your intelligence (+6).
   rC+:       It protects you from cold.
 D - the ring of the Thieving Gods (left hand) {rCorr Str+4 Int+3}
   (You found it on level 3 of the Elven Halls)

   [ring of resist corrosion]

   Str+4:     It affects your strength (+4).
   Int+3:     It affects your intelligence (+3).
   rCorr:     It protects you from acid and corrosion.
 G - a ring of protection from fire
 H - a ring of willpower
 I - an amulet of reflection (around neck)
 L - a ring of protection from cold
 U - a ring of see invisible
 W - a ring of poison resistance (right hand)
Wands
 n - a wand of polymorph (27)
 x - a wand of flame (118)
 O - a wand of light (27)
 P - a wand of digging (10)
 Q - a wand of roots (18)
 T - a wand of mindburst (6)
Scrolls
 a - 2 scrolls of fog
 j - 11 scrolls of amnesia
 l - 7 scrolls of fear
 m - 8 scrolls of vulnerability
 o - 20 scrolls of teleportation
 q - 12 scrolls of poison
 t - 10 scrolls of enchant armour
 w - 5 scrolls of revelation
 y - 5 scrolls of torment
 F - 2 scrolls of butterflies
 M - 9 scrolls of immolation
 N - 25 scrolls of identify
 Z - 2 scrolls of silence
Potions
 b - 5 potions of magic
 d - 13 potions of curing
 f - 7 potions of brilliance
 h - 5 potions of ambrosia
 k - 6 potions of lignification
 p - 5 potions of haste
 r - 5 potions of mutation
 u - 4 potions of heal wounds
 v - a potion of cancellation
 z - 7 potions of enlightenment
 C - 6 potions of might
 R - 3 potions of invisibility
 S - a potion of resistance
 V - a potion of berserk rage
 Y - a potion of attraction


   Skills:
 - Level 20.0 Fighting
 - Level 10.0 Staves
 - Level 10.2 Armour
 - Level 3.1 Dodging
 - Level 3.1 Stealth
 - Level 4.2 Shields
 + Level 17.9 Spellcasting
 + Level 17.9 Conjurations
 + Level 12.8 Fire Magic
 + Level 21.5 Air Magic
 - Level 8.2 Evocations


You had 5 spell levels left.
You knew the following spells:

 Your Spells              Type           Power      Damage    Failure   Level
a - Maxwell's Capacitive  Air            62%        ∞         1%          8
b - Searing Ray           Conj           100%       2d8       0%          2
c - Iskenderun's Mystic   Conj/Tloc      69%        2d14      1%          4
d - Fire Storm            Conj/Fire      43%        8d11      93%         9
e - Mephitic Cloud        Conj/Pois/Air  100%       N/A       1%          3
f - Blink                 Tloc           52%        N/A       10%         2
g - Fireball              Conj/Fire      43%        3d17      1%          5
h - Arcjolt               Conj/Air       60%        1d70      1%          5
i - Plasma Beam           Fire/Air       57%        2x1d72    1%          6
j - Orb of Destruction    Conj           47%        9d12      1%          7

Your spell library contained the following spells:

 Spells                   Type           Power      Damage    Failure   Level
 Shatter                  Erth           13%        3d13*     100%        9
 Magic Dart               Conj           100%       1d8       0%          1
 Shock                    Conj/Air       100%       1d9       0%          1
 Swiftness                Air            100%       N/A       0%          3
 Airstrike                Air            62%        2d(9-25)  0%          4
 Freeze                   Ice            100%       1d10      1%          1
 Sandblast                Erth           52%        2d12      1%          1
 Momentum Strike          Conj/Tloc      100%       3d10      1%          2
 Dazzling Flash           Conj/Hex       100%       N/A       1%          3
 Hailstorm                Conj/Ice       69%        3d14      1%          3
 Inner Flame              Hex/Fire       60%        N/A       1%          3
 Stone Arrow              Conj/Erth      100%       3d13      1%          3
 Volatile Blastmotes      Fire/Tloc      100%       2d18      1%          3
 Brom's Barrelling Bould  Conj/Erth      69%        2d8       1%          4
 Fulminant Prism          Conj/Hex       34%        3d15      1%          4
 Vhi's Electric Charge    Tloc/Air       100%       N/A       1%          4
 Iskenderun's Battlesphe  Conj           94%        2d14      1%          5
 Frozen Ramparts          Ice            52%        1d8       5%          3
 Apportation              Tloc           52%        N/A       6%          1
 Necrotise                Necr           100%       1d9       6%          1
 Slow                     Hex            100%       N/A       6%          1
 Summon Small Mammal      Summ           100%       N/A       6%          1
 Ensorcelled Hibernation  Hex/Ice        52%        N/A       10%         2
 Lesser Beckoning         Tloc           52%        N/A       10%         2
 Passwall                 Tmut/Erth      21%        N/A       10%         2
 Call Canine Familiar     Summ           26%        N/A       19%         3
 Confusing Touch          Hex            26%        N/A       19%         3
 Gell's Gravitas          Tloc           26%        N/A       19%         3
 Ozocubu's Armour         Ice            26%        N/A       19%         3
 Sigil of Binding         Hex            26%        N/A       19%         3
 Summon Guardian Golem    Hex/Summ       26%        N/A       19%         3
 Teleport Other           Tloc           26%        N/A       19%         3
 Vampiric Draining        Necr           26%        2d7       19%         3
 Yara's Violent Unravell  Hex/Tmut       13%        3d7       38%         5
 Anguish                  Hex/Necr       13%        N/A       52%         4
 Animate Armour           Summ/Erth      52%        N/A       52%         4
 Manifold Assault         Tloc           26%        N/A       52%         4
 Petrify                  Tmut/Erth      26%        N/A       52%         4
 Summon Ice Beast         Ice/Summ       26%        N/A       52%         4
 Alistair's Intoxication  Tmut/Pois      17%        N/A       86%         5
 Borgnjor's Vile Clutch   Necr/Erth      13%        N/A       86%         5
 Metabolic Englaciation   Hex/Ice        13%        N/A       86%         5
 Summon Mana Viper        Hex/Summ       26%        N/A       86%         5
 Bombard                  Conj/Erth      34%        9d6       7%          6
 Spellforged Servitor     Conj/Summ      34%        N/A       32%         7
 Eringya's Noxious Bog    Tmut/Pois      13%        4d6       90%         6
 Lehudib's Crystal Spear  Conj/Erth      34%        10d9      91%         8
 Simulacrum               Ice/Necr       13%        N/A       100%        6
 Enfeeble                 Hex            13%        N/A       100%        7
 Monstrous Menagerie      Summ           13%        N/A       100%        7
 Ozocubu's Refrigeration  Ice            13%        4d10      100%        7
 Polar Vortex             Ice            13%        12d1*     100%        9


Dungeon Overview and Level Annotations

Branches:
Dungeon (15/15)            Temple (1/1) D:4            Lair (5/5) D:9
 Shoals (4/4) Lair:3       Spider (4/4) Lair:3        Slime (5/5) Lair:5
    Orc (2/2) D:10            Elf (3/3) Orc:2        Vaults (4/5) D:14
  Crypt (0/3) Vaults:2     Depths (0/4) D:15         Bailey (visited)
  IceCv (visited)

Altars:
Ashenzari
Cheibriados
Dithmenos
Elyvilon
Fedhas
Gozag
Hepliaklqana
Kikubaaqudgha
Makhleb
Nemelex Xobeh
Okawaru
Qazlal
Ru
Sif Muna
Trog
Uskayaw
Vehumet
Wu Jian
Xom
Yredelemnul
Zin
The Shining One
Jiyva
Lugonu

Shops:
D:1 [!   D:6 !(!([   D:7 =   D:9 !   D:14 :   Orc:1 ?   Orc:2 ![(([(?   Elf:1 *
Elf:3 *[   Shoals:1 ?   Vaults:2 (   Vaults:4 :

Portals:
Abyss: Spider:4
Trove: D:13 (give +3 gold dragon scales)

Annotations:
D:14 3 runed translucent doors, Dunag's ghost, journeyman MiFi
Shoals:3 1 runed translucent door, Tainn's ghost, adept MiFi
Slime:3 exclusion: upstairs
Slime:5 Royal Jelly
Orc:1 3 runed translucent doors, Nesh's ghost, journeyman OpSh; Pedyestre's ghost, journeyman DsIE; PowderKeg's ghost, journeyman DgHu
Elf:1 6 runed translucent doors
Elf:2 3 runed translucent doors


Innate Abilities, Weirdness & Mutations

You have a beak for a mouth.
You have claws for feet.
Your magical flight helps you evade attacks. (EV +4)
You can magically evade attacks while moving or waiting.


Message History

The rockslime is severely wounded.
The azure jelly is struck by an electric surge.
The azure jelly is almost dead.
The rockslime completely misses you. The azure jelly misses you. x2
You block the azure jelly's attack.
The azure jelly hits you but does no damage.
Unknown command.
Unknown command.
Casting: Arcjolt (safe; 1% risk of failure)
Confirm with . or Enter, or press ? or * to list all spells.
You feel a surge of power!
Electricity surges outward!
The rockslime resists.
The rockslime is struck by an electric surge.
The rockslime is severely wounded.
The azure jelly is struck by an electric surge!
The azure jelly is almost dead.
The rockslime hits you!
You are shoved backwards!
Unknown command.
Unknown command.
Casting: Arcjolt (safe; 1% risk of failure)
Confirm with . or Enter, or press ? or * to list all spells.
You feel a surge of power!
Electricity surges outward!
The rockslime resists.
The rockslime is struck by an electric surge!
The rockslime is almost dead.
The azure jelly is struck by an electric surge!!!
You kill the azure jelly!
Vehumet accepts your kill.
You feel your power returning. The rockslime hits you!!
* * * LOW HITPOINT WARNING * * *
You are shoved backwards!
Unknown command.
Unknown command.
Casting: Arcjolt (safe; 1% risk of failure)
Confirm with . or Enter, or press ? or * to list all spells.
Aiming: Orb of Destruction (mildly dangerous; 1% risk of failure)
Press: ? - help, Shift-Dir - straight line, f - rockslime
Aim: a rockslime (almost dead)
The wavering orb of destruction weakly hits the rockslime but does no damage.
The rockslime is almost dead.
You block the rockslime's attack. The rockslime hits you!!
You die...

.......#.....
..#.......... ....
...#......... #..###
...#...#.#.........##
..#.....#.....#.....
##.....#......#..#.#
###................##
##.#....#...........#
................@...#
.............#..J...#
...........>.......##
.#..............<.##
...................#
...................#
..................##
.....#...#.........#
..........##.......##


You could see a rockslime.

Vanquished Creatures
  Mennas (Vaults:1)
  Rupert (Lair:4)
  2 deep elf blademasters (Elf:3)
  4 deep elf master archers (Elf:3)
  3 sphinxes
  4 acid blobs
  Gastronok (Lair:1)
  A tengu reaver (Vaults:1)
  4 rockslimes
  4 azure jellies
  Aizul (Spider:2)
  A frost giant (Vaults:4)
  An iron dragon (Vaults:4)
  2 deep elf sorcerers (Elf:3)
  12 vault wardens
  4 emperor scorpions
  5 ghost moths
  13 ironbound preservers
  3 deep elf elementalists
  5 quicksilver oozes
  A very ugly thing (IceCv)
  6 formless jellyfish
  2 orc warlords
  A war gargoyle (Vaults:4)
  5 ironbound thunderhulks
  A stone giant (Vaults:4)
  3 deep elf demonologists
  14 dire elephants
  3 deep elf annihilators (Elf:3)
  A spark wasp (Spider:4)
  4 merfolk javelineers
  2 fire dragons
  Josephine (D:10)
  An ettin (D:14)
  13 deep elf death magi
  A jiangshi (Vaults:2)
  4 deep elf high priests
  7 yaktaur captains
  5 entropy weavers
  7 merfolk impalers
  Fannar (D:10)
  A caustic shrike simulacrum (IceCv)
  6 great orbs of eyes
  18 vault guards
  An ogre mage (D:15)
  7 hydras
  3 merfolk avatars
  Erica (Orc:1)
  3 jorogumos
  A death knight (D:15)
  2 alligator snapping turtles (Shoals:4)
  2 satyrs
  9 ironbound frosthearts
  4 radroaches
  A peacekeeper (Vaults:4)
  9 two-headed ogres
  13 death yaks
  12 dancing weapons
  16 centaur warriors
  A two-headed ogre (shapeshifter) (D:14)
  9 death scarabs (Spider:4)
  2 merfolk aquamancers
  2 tengu warriors
  4 boulder beetles
  5 demonic crawlers
  3 orc high priests
  10 deep elf knights
  Sonja (D:10)
  3 skeletal warriors
  5 skysharks
  A fire crab (Lair:5)
  Nergalle (Orc:1)
  6 pharaoh ants
  A sun moth (Spider:4)
  31 deep trolls
  9 orb spiders
  12 ironbound convokers
  11 sea snakes
  22 harpies
  A swamp dragon (shapeshifter) (D:13)
  3 spectral wolf spiders (Spider:4)
  5 steelbarb worms
  3 arcanists (Vaults:2)
  2 wolf spider zombies (Spider:4)
  A spectral jorogumo (Spider:4)
  6 lindwurms
  24 deep elf pyromancers
  2 necromancers
  11 orc knights
  20 deep elf zephyrmancers
  16 deep elf archers
  A shining eye (Slime:2)
  9 ugly things
  11 fauns
  21 wolf spiders
  Maurice (D:11)
  3 orc sorcerers
  6 cyclopes
  3 moths of wrath
  19 manticores
  15 vault sentinels
  7 merfolk sirens
  6 elephants (Lair:1)
  An ice statue (Shoals:3)
  9 black mambas
  4 orange demons (D:14)
  An eye of devastation (Slime:3)
  3 torpor snails
  3 molten gargoyles (Lair:5)
  5 water nymphs
  12 cane toads
  3 kobold demonologists
  An unseen horror (D:10)
  3 spectral redbacks (Spider:4)
  2 rime drakes (Lair:4)
  15 yaktaurs
  2 freezing wraiths
  5 tengu conjurers
  3 anaconda simulacra (IceCv)
  4 redback zombies (Spider:4)
  A golden dragon simulacrum (IceCv)
  15 komodo dragons
  A merfolk (shapeshifter) (D:14)
  28 merfolk
  A polar bear (Lair:1)
  3 meliai (Spider:2)
  2 spectral tarantellas (Spider:4)
  A hornet (D:14)
  7 wind drakes
  A tarantella (shapeshifter) (D:15)
  A tarantella zombie (Spider:4)
  4 trolls
  21 tarantellas
  A spectral culicivora (Spider:4)
  A glass eye (Slime:4)
  A spectral jumping spider (Spider:4)
  A hornet (shapeshifter) (D:14)
  A jumping spider zombie (Spider:4)
  3 snapping turtles
  48 slime creatures
  22 jumping spiders
  8 blink frogs (Lair:5)
  12 culicivoras
  A jumping spider (shapeshifter) (D:11)
  4 dream sheep (Shoals:2)
  10 water elementals
  3 air elementals (Elf:2)
  A shadow (D:9)
  A vampire (D:14)
  6 wraiths
  A dire elephant simulacrum (IceCv)
  3 fire elementals (Elf:1)
  6 basilisks
  31 yaks
  8 wyverns
  6 golden eyes (Slime:5)
  51 redbacks
  2 vampire mosquitoes (D:12)
  A neqoxec (Orc:2)
  5 humans (D:14)
  4 wargs
  2 steam dragons
  A harpy simulacrum (IceCv)
  28 water moccasins
  A hydra simulacrum (IceCv)
  8 hell hounds
  3 black bears
  An ice beast (D:6)
  54 orc warriors
  2 sky beasts
  13 wolves
  4 boggarts (D:15)
  5 ogres
  15 centaurs
  5 kobold brigands
  19 bullfrogs
  3 earth elementals (Elf:3)
  10 scorpions
  9 electric eels
  10 howler monkeys
  5 lava snakes (Lair:5)
  12 orc priests
  9 hounds
  A jelly (D:8)
  Crazy Yiuf (D:7)
  18 hell rats
  4 iguanas
  21 orc wizards
  Terence (D:2)
  7 gnolls
  9 adders
  A white imp (D:6)
  2 ufetubi (D:5)
  4 worms
  A dart slug (D:2)
  65 orcs
  8 endoplasms
  A giant cockroach (D:4)
  14 hobgoblins
  2 jackals (D:2)
  4 quokkas
  9 ball pythons
  2 bats
  9 frilled lizards
  29 goblins
  22 kobolds
  7 rats
  A lurking horror (Spider:4)
1465 creatures vanquished.

Vanquished Creatures (collateral kills)
  A death knight (D:14)
  A harpy (Shoals:1)
2 creatures vanquished.

Vanquished Creatures (others)
  A vault guard (D:14)
  A harpy (Shoals:1)
  An ugly thing (D:14)
  A water elemental (Elf:2)
  A hell rat (Lair:2)
  2 orcs (Orc:1)
  A lurking horror (Spider:4)
8 creatures vanquished.

Grand Total: 1475 creatures vanquished

Notes
Turn   | Place    | Note
-------+----------+-------------------------------------------
     0 | D:1      | grandjackal the Tengu Conjurer began the quest for the Orb.
     0 | D:1      | Reached XP level 1. HP: 10/10 MP: 4/4
   272 | D:1      | Reached XP level 2. HP: 15/15 MP: 3/6
   276 | D:1      | Learned a level 2 spell: Searing Ray
   334 | D:1      | Found Keir's Armour Shop.
   389 | D:1      | Found a transporter.
   389 | D:1      | Found Acsoam's Magic Scroll Boutique.
   587 | D:1      | Found Yraqoeri's Distillery.
   595 | D:1      | Bought a potion of degeneration for 12 gold pieces
   653 | D:1      | Found a transporter.
   986 | D:2      | Reached XP level 3. HP: 17/19 MP: 2/7
  1381 | D:2      | Noticed Terence
  1408 | D:2      | Killed Terence
  1409 | D:2      | Reached XP level 4. HP: 11/24 MP: 0/9
  1539 | D:2      | Learned a level 4 spell: Iskenderun's Mystic Blast
  1752 | D:3      | Found a stormy altar of Qazlal.
  1752 | D:3      | Noticed a sky beast
  1765 | D:3      | Killed a sky beast
  1766 | D:3      | Reached skill level 1 in Fighting
  1766 | D:3      | Reached XP level 5. HP: 12/29 MP: 4/10
  1959 | D:3      | Reached skill level 1 in Air Magic
  1959 | D:3      | Reached XP level 6. HP: 9/35 MP: 11/11
  2102 | D:3      | Reached skill level 1 in Evocations
  2699 | D:2      | You fall into a shaft and drop 1 floor!
  3215 | D:4      | Found a staircase to the Ecumenical Temple.
  3222 | Temple   | Entered the Ecumenical Temple
  3267 | Temple   | Became a worshipper of Vehumet
  3353 | D:4      | Reached skill level 2 in Air Magic
  3577 | D:4      | Gained mutation: Your magical flight helps you evade
                  | attacks. (EV +4) [Tengu growth]
  3577 | D:4      | Reached XP level 7. HP: 18/40 MP: 8/12
  3932 | D:4      | Found a burning altar of Makhleb.
  3983 | D:4      | Reached skill level 3 in Air Magic
  4075 | D:4      | Reached * piety under Vehumet
  4075 | D:4      | Offered knowledge of Kiss of Death by Vehumet.
  4295 | D:4      | Found an iron altar of Okawaru.
  4383 | D:5      | Entered Level 5 of the Dungeon
  4671 | D:1      | Bought a scroll of blinking for 90 gold pieces
  4671 | D:1      | Bought a scroll of teleportation for 36 gold pieces
  4671 | D:1      | Bought 2 scrolls of vulnerability for 96 gold pieces
  4671 | D:1      | Bought a scroll of amnesia for 48 gold pieces
  4671 | D:1      | Bought a scroll of enchant armour for 90 gold pieces
  4671 | D:1      | Bought a scroll of identify for 24 gold pieces
  4671 | D:1      | Bought a scroll of teleportation for 36 gold pieces
  4679 | D:1      | Identified a scroll of acquirement
  4681 | D:1      | Acquired a +0 pair of gloves of strength
  5025 | D:5      | Reached skill level 4 in Air Magic
  5093 | D:5      | Reached XP level 8. HP: 48/48 MP: 6/13
  5595 | D:6      | Found Icohup's Antique Weapon Emporium.
  5595 | D:6      | Found Suafa's Distillery.
  5652 | D:6      | Bought a potion of heal wounds for 60 gold pieces
  5698 | D:6      | Found Meomumo's Armour Emporium.
  5748 | D:6      | Reached skill level 5 in Air Magic
  6377 | D:6      | Found Bahy's Distillery.
  6448 | D:6      | Found Gucouwuaqu's Antique Weapon Boutique.
  6838 | D:7      | Reached skill level 6 in Air Magic
  6985 | D:7      | Reached skill level 5 in Fighting
  6985 | D:7      | Reached XP level 9. HP: 41/54 MP: 7/14
  7292 | D:7      | Found a runed translucent door.
  7293 | D:7      | Noticed Crazy Yiuf
  7300 | D:7      | Killed Crazy Yiuf
  7472 | D:7      | Found Irenog's Jewellery Boutique.
  7507 | D:7      | Reached skill level 5 in Evocations
  7792 | D:1      | Bought a potion of brilliance for 48 gold pieces
  7792 | D:1      | Bought a potion of might for 48 gold pieces
  8069 | D:8      | Reached skill level 7 in Air Magic
  8083 | D:8      | Offered knowledge of Shock by Vehumet.
  8127 | D:8      | Learned a level 1 spell: Shock
  8131 | D:8      | Reached ** piety under Vehumet
  8134 | D:8      | Found a shadowy altar of Dithmenos.
  8238 | D:8      | Found a flagged portal.
  8254 | Bailey   | Entered a bailey
  8334 | Bailey   | Reached skill level 10 in Conjurations
  8358 | Bailey   | Noticed an orc knight
  8369 | Bailey   | Noticed an orc knight
  8430 | Bailey   | Reached skill level 1 in Staves
  8650 | Bailey   | Offered knowledge of Scorch by Vehumet.
  8739 | Bailey   | Reached skill level 8 in Air Magic
  8868 | Bailey   | Reached XP level 10. HP: 57/61 MP: 15/15
  8881 | Bailey   | Noticed an orc sorcerer
  9011 | Bailey   | Killed an orc knight
  9253 | Bailey   | Paralysed by an orc sorcerer for 3 turns
  9261 | Bailey   | Killed an orc sorcerer
  9261 | Bailey   | Reached *** piety under Vehumet
  9434 | Bailey   | Killed an orc knight
  9435 | Bailey   | Reached skill level 9 in Air Magic
  9477 | Bailey   | Noticed a kobold demonologist
  9667 | Bailey   | Found an iron altar of Okawaru.
  9845 | Bailey   | Acquired the +7 Kryia's mail coat {PotionHeal*2 rC+}
  9845 | Bailey   | Found the +7 Kryia's mail coat {PotionHeal*2 rC+}
  9933 | Bailey   | Killed a kobold demonologist
 10364 | D:8      | Noticed a two-headed ogre
 10372 | D:8      | Killed a two-headed ogre
 10373 | D:8      | Reached skill level 5 in Staves
 10653 | D:8      | Found a snail-covered altar of Cheibriados.
 10714 | D:6      | Bought a potion of attraction for 36 gold pieces
 10715 | D:6      | Bought a potion of enlightenment for 60 gold pieces
 10793 | D:9      | Reached skill level 10 in Air Magic
 10817 | D:9      | Reached XP level 11. HP: 54/68 MP: 16/16
 10818 | D:9      | Offered knowledge of Mephitic Cloud by Vehumet.
 10823 | D:9      | Learned a level 3 spell: Mephitic Cloud
 11481 | D:9      | Noticed a death yak
 11481 | D:9      | Noticed a death yak
 11515 | D:9      | Noticed a death yak
 11522 | D:9      | Killed a death yak
 11537 | D:9      | Killed a death yak
 11546 | D:9      | Killed a death yak
 11693 | D:9      | Found a staircase to the Lair.
 12082 | D:9      | Found Ahecru's Distillery.
 12088 | D:9      | Bought a potion of cancellation for 80 gold pieces
 12108 | D:9      | Found a sacrificial altar of Ru.
 12345 | D:9      | Reached **** piety under Vehumet
 12405 | D:10     | Entered Level 10 of the Dungeon
 12426 | D:10     | Found a bloodstained altar of Trog.
 12437 | D:10     | Noticed Sonja
 12439 | D:10     | Killed Sonja
 12440 | D:10     | Reached skill level 11 in Air Magic
 12457 | D:10     | Noticed Fannar
 12459 | D:10     | Noticed a stone giant
 12459 | D:10     | Noticed a harpy
 12460 | D:10     | Noticed an ogre mage
 12472 | D:10     | Killed Fannar
 12482 | D:10     | Noticed a boulder beetle
 12536 | D:10     | Noticed Josephine
 12546 | D:10     | Killed Josephine
 12549 | D:10     | Noticed an entropy weaver
 12550 | D:10     | Offered knowledge of Olgreb's Toxic Radiance by Vehumet.
 12575 | D:10     | an entropy weaver changed into a yaktaur
 12583 | D:10     | Reached XP level 12. HP: 58/76 MP: 20/20
 12640 | D:10     | Noticed a centaur warrior
 12944 | D:10     | Found a staircase to the Orcish Mines.
 12959 | D:10     | Reached skill level 5 in Spellcasting
 12962 | D:10     | Reached skill level 12 in Air Magic
 13331 | D:11     | Noticed a two-headed ogre
 13338 | D:11     | Killed a two-headed ogre
 13453 | D:11     | Reached skill level 1 in Shields
 13595 | D:11     | Noticed Maurice
 13601 | D:11     | Killed Maurice
 13787 | D:11     | Found an ancient bone altar of Kikubaaqudgha.
 13946 | D:11     | Learned a level 2 spell: Blink
 14759 | D:12     | Reached skill level 10 in Fighting
 14781 | D:12     | Reached ***** piety under Vehumet
 15004 | Orc:1    | Entered Level 1 of the Orcish Mines
 15025 | Orc:1    | Noticed Nergalle
 15043 | D:10     | Offered knowledge of Fireball by Vehumet.
 15150 | D:10     | Learned a level 5 spell: Fireball
 15155 | Orc:1    | Noticed Erica
 15165 | Orc:1    | Killed Nergalle
 15280 | Orc:1    | Killed Erica
 15507 | D:6      | Bought a potion of resistance for 140 gold pieces
 15619 | D:9      | Bought a potion of berserk rage for 50 gold pieces
 15685 | Orc:2    | Entered Level 2 of the Orcish Mines
 15687 | Orc:2    | Found a staircase to the Elven Halls.
 15837 | Orc:2    | Found Rumim's Magic Scroll Shop.
 15914 | Orc:1    | Noticed an orc high priest
 15914 | Orc:1    | Found Loemulat's Magic Scroll Boutique.
 16036 | Orc:2    | Found Woxoichu's Distillery.
 16115 | Orc:2    | Reached skill level 13 in Air Magic
 16142 | Orc:2    | Noticed Azrael
 16292 | Orc:2    | Azrael changed into Azrael the neqoxec
 16292 | Orc:2    | Noticed Azrael
 16442 | Orc:2    | Killed Azrael the neqoxec
 16461 | D:10     | Killed an orc high priest
 16462 | D:10     | Reached XP level 13. HP: 22/83 MP: 13/23
 16819 | Orc:2    | Found Gionwes's Armour Shoppe.
 16918 | Orc:2    | Found Xaul's Weapon Shoppe.
 17749 | Orc:1    | Reached skill level 10 in Staves
 17837 | Orc:1    | Found a runed translucent gate.
 17837 | Orc:1    | Found a runed translucent gate.
 17837 | Orc:1    | Found a runed translucent gate.
 17850 | Orc:1    | Noticed PowderKeg's ghost (journeyman DgHu)
 17850 | Orc:1    | Noticed Pedyestre's ghost (journeyman DsIE)
 17850 | Orc:1    | Noticed Pedyestre's ghost (journeyman DsIE)
 17850 | Orc:1    | Noticed Nesh's ghost (journeyman OpSh)
 18035 | Orc:2    | Found Boah's Weapon Shoppe.
 18035 | Orc:2    | Found Muki Maf's Antique Weapon Shop.
 18035 | Orc:2    | Found Ynysal's Antique Armour Boutique.
 18038 | Orc:2    | Found Effim's Antique Weapon Emporium.
 18300 | Lair:1   | Entered Level 1 of the Lair of Beasts
 18313 | Lair:1   | Offered knowledge of Lee's Rapid Deconstruction by Vehumet.
 18427 | Lair:1   | Noticed Gastronok
 18439 | Lair:1   | Killed Gastronok
 18440 | Lair:1   | Reached skill level 1 in Armour
 18440 | Lair:1   | Reached skill level 14 in Air Magic
 19404 | Lair:2   | Reached skill level 1 in Fire Magic
 19609 | Lair:2   | Reached XP level 14. HP: 85/90 MP: 21/27
 19641 | Lair:2   | Reached XP level 15. HP: 95/95 MP: 28/28
 19946 | Lair:2   | Identified the +0 robe of Ignis's Benevolence {rN+ SInv}
 20340 | Lair:3   | Found a hole to the Spider Nest.
 21101 | Lair:3   | Reached skill level 5 in Armour
 21137 | Lair:3   | Found a staircase to the Shoals.
 21557 | Lair:3   | Reached ****** piety under Vehumet
 21852 | Lair:4   | Noticed Rupert
 21864 | Lair:4   | Killed Rupert
 22147 | Lair:4   | Offered knowledge of Arcjolt by Vehumet.
 22154 | Lair:4   | Learned a level 5 spell: Arcjolt
 22719 | Lair:4   | Identified the +4 leather armour "Duarch" {Str-3 Dex+8}
 22740 | Lair:4   | Identified the +7 longbow "Saelogayc" {antimagic, rC+++
                  | Str+3 Int-2 Dex+2}
 23254 | Lair:5   | Entered Level 5 of the Lair of Beasts
 24308 | Lair:5   | Offered knowledge of Plasma Beam by Vehumet.
 24372 | Lair:5   | Learned a level 6 spell: Plasma Beam
 24401 | Lair:5   | Found a large runed translucent door.
 24403 | Lair:5   | Found a large runed translucent door.
 24660 | Lair:5   | Reached skill level 10 in Fire Magic
 24807 | Lair:5   | Found a staircase to the Slime Pits.
 24807 | Lair:5   | Found a viscous altar of Jiyva.
 24822 | Lair:5   | Reached XP level 16. HP: 104/104 MP: 30/30
 25150 | Lair:5   | Reached skill level 10 in Spellcasting
 27099 | D:13     | Found a portal to a secret trove of treasure.
 27261 | D:14     | Found a runed translucent gate.
 27822 | D:14     | Found Penebragun's Book Shop.
 27974 | D:14     | Offered knowledge of Eringya's Noxious Bog by Vehumet.
 28134 | D:14     | Found a gate to the Vaults.
 28695 | D:14     | Found a runed translucent gate.
 28695 | D:14     | Found a runed translucent gate.
 28699 | D:14     | Identified the +3 ring mail "Gaahen" {rElec rN+ Str+2
                  | Int-5}
 28701 | D:14     | Noticed Dunag's ghost (journeyman MiFi)
 28989 | D:14     | Found an iron altar of Okawaru.
 28999 | D:15     | Entered Level 15 of the Dungeon
 29306 | D:15     | Found a staircase to the Depths.
 29411 | D:15     | Found a corrupted altar of Lugonu.
 29620 | D:15     | Reached skill level 10 in Armour
 30250 | D:15     | Reached XP level 17. HP: 111/111 MP: 5/33
 30866 | Spider:1 | Entered Level 1 of the Spider Nest
 32503 | Spider:2 | Offered knowledge of Orb of Destruction by Vehumet.
 32513 | Spider:2 | Learned a level 7 spell: Orb of Destruction
 32570 | Spider:2 | Identified the serpent talisman of the Tick {rPois}
 32570 | Spider:2 | Noticed Aizul
 32575 | Spider:2 | Killed Aizul
 34145 | Shoals:1 | Entered Level 1 of the Shoals
 34176 | Shoals:1 | Reached skill level 15 in Fighting
 34799 | Shoals:1 | Offered knowledge of Maxwell's Capacitive Coupling by
                  | Vehumet.
 35402 | Shoals:1 | Found Notatam's Magic Scroll Shop.
 35465 | Shoals:1 | Bought a scroll of fear for 40 gold pieces
 35465 | Shoals:1 | Bought 2 scrolls of fear for 80 gold pieces
 36218 | Shoals:2 | Identified the +9 long sword of Cowardice {freeze, Str+3
                  | Int+2 Stlth-}
 36741 | Shoals:2 | Reached XP level 18. HP: 110/120 MP: 35/35
 36991 | Shoals:3 | Reached skill level 15 in Conjurations
 37180 | Shoals:3 | Found a frozen archway.
 37301 | IceCv    | Entered an ice cave
 37399 | IceCv    | Found a transporter.
 37415 | IceCv    | Found a transporter.
 37553 | Shoals:3 | Found a runed translucent door.
 37555 | Shoals:3 | Noticed Tainn's ghost (adept MiFi)
 38207 | Shoals:3 | Learned a level 8 spell: Maxwell's Capacitive Coupling
 38220 | Shoals:4 | Entered Level 4 of the Shoals
 38463 | Shoals:4 | Offered knowledge of Fire Storm by Vehumet.
 38463 | Shoals:4 | Offered knowledge of Shatter by Vehumet.
 38463 | Shoals:4 | Offered knowledge of Polar Vortex by Vehumet.
 38479 | Shoals:4 | Got a barnacled rune of Zot
 39175 | Shoals:4 | Reached skill level 15 in Air Magic
 40706 | Slime:1  | Entered Level 1 of the Pits of Slime
 42313 | Vaults:1 | Entered Level 1 of the Vaults
 42328 | Vaults:1 | Reached skill level 16 in Air Magic
 42471 | Vaults:1 | Reached XP level 19. HP: 123/128 MP: 27/38
 44055 | Vaults:2 | Noticed Mennas
 44060 | Vaults:2 | Reached skill level 17 in Air Magic
 44781 | Vaults:2 | Reached skill level 15 in Spellcasting
 44913 | Vaults:2 | Got the Omnibus of Enchantment and the Traveller
 45386 | Vaults:2 | Found Zubbyes's Weapon Shop.
 45467 | Vaults:1 | Killed Mennas
 46107 | Vaults:2 | Found a staircase to the Crypt.
 46438 | Vaults:3 | Reached skill level 18 in Air Magic
 46517 | Vaults:3 | Identified the +0 pair of gloves of the Eight Boll Weevils
                  | {+Blink rC+ Str-3 SInv}
 46553 | Vaults:3 | Paralysed by a sphinx for 3 turns
 46568 | Vaults:3 | Reached XP level 20. HP: 67/136 MP: 14/40
 46892 | Vaults:3 | Identified the +4 halberd "Goom" {speed, MP+9}
 47519 | Vaults:3 | Identified the +1 pair of gloves "Busti" {rF+ rC- Str+3}
 48722 | Vaults:4 | Found Abbufito's Book Boutique.
 48742 | Vaults:4 | Reached skill level 19 in Air Magic
 50939 | Elf:1    | Entered Level 1 of the Elven Halls
 51542 | Elf:1    | Found Haoczeg's Gadget Gallery.
 51555 | Elf:1    | Reached skill level 20 in Air Magic
 51781 | Elf:1    | Reached XP level 21. HP: 126/144 MP: 42/42
 52135 | Elf:1    | Identified the +1 war axe "Opneo" {drain, Drain rN++ Will+}
 52140 | Elf:1    | Found a runed translucent gate.
 52140 | Elf:1    | Found a runed translucent gate.
 52140 | Elf:1    | Found a runed translucent gate.
 52140 | Elf:1    | Found a runed translucent gate.
 52140 | Elf:1    | Found a runed translucent gate.
 52240 | Elf:1    | Found a runed translucent gate.
 52455 | Elf:2    | Paralysed by an air elemental for 1 turns
 52459 | Elf:2    | Paralysed by an air elemental for 1 turns
 52917 | Elf:2    | Found a runed translucent gate.
 52917 | Elf:2    | Found a runed translucent gate.
 52918 | Elf:2    | Found a runed translucent gate.
 53229 | Elf:3    | Entered Level 3 of the Elven Halls
 53424 | Elf:3    | Learned a level 9 spell: Fire Storm
 54587 | Elf:3    | Identified the +6 battleaxe of Vegifeeg {flame, rN+}
 54893 | Elf:3    | Identified the ring "Woumehin" {rC+ Int+6}
 54900 | Elf:3    | Identified the +0 chain mail "Etoih" {rN++}
 54901 | Elf:3    | Identified the ring of the Thieving Gods {rCorr Str+4
                  | Int+3}
 54924 | Elf:3    | Identified the ring of the Baleful God {rCorr Int-4 Dex+3
                  | Slay+3}
 54930 | Elf:3    | Identified the +2 mace of an ossuary {freeze, *Noise SInv
                  | Stlth+}
 54938 | Elf:3    | Identified the +3 rapier of Overwhelming Force {venom,
                  | Will+}
 54945 | Elf:3    | Identified the +3 orcbow "Ciemefi" {elec, Int+2}
 54958 | Elf:3    | Identified the +0 great mace of Light {antimagic, Stlth+}
 55127 | Elf:3    | Found Cuarch's Antique Armour Boutique.
 55128 | Elf:3    | Found Riesadd's Assorted Antiques.
 55144 | Elf:3    | Bought a pair of smoking gloves for 389 gold pieces
 55144 | Elf:3    | Identified the +0 pair of gloves of Qazlal {Str+5 Int-5
                  | Stlth+} (You bought it in a shop on level 3 of the Elven
                  | Halls)
 55151 | Elf:3    | Bought a scroll labelled OSHROPO KOPHY for 33 gold pieces
 55151 | Elf:3    | Bought a large peridot ring for 165 gold pieces
 55914 | D:7      | Bought a ring of see invisible for 225 gold pieces
 55914 | D:7      | Bought a ring of protection from fire for 375 gold pieces
 56720 | Spider:4 | Entered Level 4 of the Spider Nest
 57069 | Spider:4 | Found a one-way gate to the infinite horrors of the Abyss.
 57069 | Spider:4 | Found a corrupted altar of Lugonu.
 57556 | Spider:4 | Reached XP level 22. HP: 152/152 MP: 39/44
 57625 | Spider:4 | Got a gossamer rune of Zot
 57738 | Spider:4 | Reached skill level 21 in Air Magic
 58884 | Slime:3  | Paralysed by a formless jellyfish for 1 turns
 59923 | Slime:5  | Entered Level 5 of the Pits of Slime
 60245 | Slime:5  | Noticed the Royal Jelly
 60576 | Slime:4  | Annihilated by a rockslime

Illustrated notes

Levels and vault maps discovered:
D:1:      onia_arrival_mini_maze_b, layout_loops_ring, serial_shops,
          nicolae_shop_hallway_plus, nicolae_shop_advertising_works
          [nicolae_subvault_shop_adworks], nicolae_shop_drivethru
D:2:      layout_basic, uniq_terence
D:3:      layout_basic, nicolae_qazlal_beasts_of_the_sky, st_stairs_8
D:4:      minmay_polygon_palace, layout_loops_ring, lightli_temple_of_fire,
          okawaru_altar_gauntlet_db, temple_green,
          nicolae_concentric_dashed_squares_mild
D:5:      layout_basic
D:6:      layout_basic, serial_shops, nicolae_shop_pleasant_corner_grove, shop,
          shop_statue, shop, nicolae_stop_n_shop_2
D:7:      layout_loops_ring, kennysheep_windowed_goal, uniq_crazy_yiuf_cottage
D:8:      layout_loops_ring, kennysheep_mini, nicolae_dithmenos_the_darkroom,
          enter_bailey_5, minivault_19
D:9:      layout_layer_cave, kennysheep_mini_moat, dpeg_lair_monsters,
          serial_shops, shop
D:10:     minmay_recursive_quarters, layout_basic, overflow_temple_1_default,
          orc_0_dummy, onia_ninara_dug_in_and_dangerous, uniq_fannar,
          uniq_sonja, uniq_josephine
D:11:     nicolae_cairo_tiling_large_dashed, layout_stronghold,
          nicolae_kikubaaqudgha_miasma_corner, uniq_maurice
D:12:     layout_roguey
D:13:     layout_cave_pools, nicolae_trove_entry_crystal
D:14:     minmay_triangles_in_corner, layout_small_grid,
          ximxim_vaults_locker_room, serial_shops, nicolae_shop_real_fake_doors,
          chequers_mini_garden, gammafunk_ghost_fury_of_okawaru,
          einodemon_barbed_minivault
D:15:     hangedman_depths_entry_civil_slaughter, layout_cave_pods,
          nicolae_two_hexagons, marbit_kobold_abyssish
Temple:   regret_index_temple_waves
Lair:1:   layout_small_grid, grunt_megastairs_4, uniq_gastronok
Lair:2:   layout_gridlike, lemuel_fruit_tree
Lair:3:   layout_cave_pods, mainiacjoe_shoals_entry_four_pools,
          spider_nest_entry_funnel_web
Lair:4:   layout_cave_pods, minmay_lindwurm_lava, serial_bayou_shore_b,
          uniq_rupert
Lair:5:   cheibrodos_lair_end_hotspot, layout_gridlike, slime_entry_1,
          st_stairs_5, wad_woods_road_03
Shoals:1: layout_shoals, serial_shops, nicolae_lakefront_shop
Shoals:2: layout_shoals, nicolae_shoals_land_atoll
Shoals:3: layout_shoals, ebering_ghost_inner_flame,
          portal_ice_cave_entry_ice_statue_one
Shoals:4: shoals_end_hangedman, layout_shoals
Spider:1: layout_cave_pods
Spider:2: layout_spider_delve, nicolae_spider_cling_halls, uniq_aizul
Spider:3: layout_spider_delve, hangedman_spider_tarantella_strand
Spider:4: floodkiller_spider_rune_tomb, amcnicky_altar_lugonu_corruption
Slime:1:  layout_caves, cheibrodos_slime_lost_civilization_6
Slime:2:  layout_caves
Slime:3:  layout_caves
Slime:4:  layout_caves
Slime:5:  slime_pit_nicolae_jellycorners
Orc:1:    layout_caves, basic_altar, gammafunk_ghost_cemetery, serial_shops,
          shop, uniq_erica, uniq_nergalle
Orc:2:    st_orc_rangers, layout_diamond_mine, serial_shops,
          nicolae_shop_peninsula, nicolae_shop_tiny_waterfront,
          nicolae_shop_hallway_plus, nicolae_square_shop, uniq_azrael
Elf:1:    eino_elf_arrival_customs, layout_geoelf_grid, orc_legates,
          nicolae_shop_gadgets
Elf:2:    elven_hall_of_blades_hangedman_original [grunt_blade_entry_basic],
          layout_onion_city, serial_sigils, serial_sigils_hangedman_gut,
          serial_sigils_hangedman_writhe, serial_sigils_hangedman_gnaw,
          serial_sigils_hangedman_snap
Elf:3:    minmay_elf_hall_circle, layout_geoelf_diagonals, minmay_shoptagon
Vaults:1: hangedman_vaults_nails, nicolae_vaults_network_periphery,
          nicolae_vaults_gold_heap, nicolae_vaults_storage_closets_2,
          grunt_vaults_funnel, nicolae_vaults_heart-shaped_vault,
          ontoclasm_vaults_chip, nicolae_vaults_little_squares_1, v_misc_24,
          nicolae_vaults_tangram_1, layout_vaults_omnicross
Vaults:2: ontoclasm_vaults_twist, v_misc_13, ontoclasm_vaults_fault,
          nicolae_vaults_sightless_eye, vaults_mumra_hexcomb,
          minmay_crypt_entry_simple_box, nicolae_vaults_disjoint_gnomons,
          v_misc_27, nicolae_vaults_closet_pinwheel_5, nicolae_vaults_rhombus_7,
          nicolae_vaults_trapezoid_4, nicolae_vaults_trapezoid_lopsided_1,
          layout_vaults_maze_snakey, serial_shops, nicolae_shop_window_shopping,
          uniq_mennas
Vaults:3: vaults_room_stairs_pillars, ontoclasm_vaults_shuriken,
          nicolae_vaults_more_shelving_2, nicolae_vaults_alarming,
          nicolae_vaults_shipping_containers_7,
          ontoclasm_vaults_decontamination, nicolae_vaults_storage_closets_3,
          layout_vaults_omnigrid
Vaults:4: lightli_church_of_beogh, nicolae_vaults_heart-shaped_vault,
          nicolae_vaults_tetromino_T_1, grunt_vaults_twisty,
          hangedman_vaults_stitches, nicolae_vaults_offset_grid_hallway_4,
          nicolae_vaults_double_plus_2, nicolae_vaults_double_plus_1,
          layout_vaults_chaotic_city, serial_shops, nicolae_lakefront_shop

Skill      XL: |  1  2  3  4  5  6  7  8  9 10 11 12 13 14 15 16 17 18 19 20 21 22 |
---------------+-------------------------------------------------------------------+-----
Dodging        | 3 |  3.1
Stealth        | 3 |  3.1
Conjurations   | 6 7 9 10 12 14 15 17 | 17.9
Fighting       | 1 2 3 5 6 7 9 10 11 13 14 15 17 18 19 20 | 20.0
Spellcasting   | 3 4 6 8 9 11 12 14 15 16 17 | 17.9
Air Magic      | 1 2 4 6 8 10 11 13 14 16 18 20 21 | 21.5
Evocations     | 1 3 4 6 7 8 |  8.2
Staves         | 2 5 7 9 10 | 10.0
Shields        | 4 |  4.2
Armour         | 4 7 10 | 10.2
Fire Magic     | 2 7 10 11 12 | 12.8

Action                     |  1- 3 |  4- 6 |  7- 9 | 10-12 | 13-15 | 16-18 | 19-21 | 22-24 || total
---------------------------+-------+-------+-------+-------+-------+-------+-------+-------++-------
  Melee: Short sword       |    36 |    93 |    72 |       |       |       |       |       ||   201
         Peck              |     7 |    12 |    27 |    89 |   199 |   227 |   216 |    31 ||   808
         Kick              |     7 |    17 |    50 |   124 |   305 |   333 |   325 |    44 ||  1205
         Punch             |       |     3 |     1 |     6 |       |       |       |       ||    10
         Staff             |       |       |    72 |   357 |   884 |   777 |   703 |    86 ||  2879
  Throw: Throwing net      |       |       |       |       |       |     1 |       |       ||     1
   Cast: Magic Dart        |    20 |    20 |    82 |    13 |       |     3 |       |       ||   138
         Searing Ray       |     4 |     7 |    34 |    66 |    25 |    13 |       |     2 ||   151
         Iskenderun's Myst |       |       |       |    12 |     9 |     5 |       |       ||    26
         Shock             |       |       |       |     1 |       |       |       |       ||     1
         Mephitic Cloud    |       |       |       |     6 |     5 |     1 |       |       ||    12
         Fireball          |       |       |       |     1 |       |    35 |     3 |     8 ||    47
         Plasma Beam       |       |       |       |       |     6 |   105 |    67 |    15 ||   193
         Arcjolt           |       |       |       |       |     2 |   171 |   188 |    54 ||   415
         Blink             |       |       |       |       |       |     3 |       |       ||     3
         Orb of Destructio |       |       |       |       |       |     2 |    42 |     4 ||    48
         Maxwell's Capacit |       |       |       |       |       |       |    10 |     9 ||    19
  Evoke: Wand              |       |       |       |    11 |       |     9 |     2 |       ||    22
    Use: Potion            |       |     1 |       |     3 |     2 |     4 |    12 |       ||    22
         Scroll            |       |       |    10 |    10 |     4 |     8 |     8 |     3 ||    43
   Stab: Sleeping          |     4 |     5 |     4 |       |       |       |       |       ||    13
         Distracted        |       |       |       |     1 |       |       |       |       ||     1
         Confused          |       |       |       |     6 |     8 |       |       |       ||    14
         Invisible         |       |       |       |       |       |     1 |       |       ||     1
 Armour: Robe              |    11 |    46 |    87 |     6 |       |       |       |       ||   150
         Scale mail        |       |       |       |   172 |   417 |   672 |   579 |   153 ||  1993
         Skin              |       |       |       |     3 |       |       |       |     3 ||     6
  Dodge: Dodged            |    29 |    59 |   213 |   398 |   620 |   658 |   388 |   111 ||  2476
  Block: Buckler           |       |       |       |       |   306 |   445 |   444 |   116 ||  1311
         Reflection        |       |       |       |       |       |    24 |    51 |     1 ||    76

Table legend: (Time is in decaauts)
 A = Elapsed time spent in this place.
 B = Non-inter-level travel time spent in this place.
 C = Inter-level travel time spent in this place.
 D = Time resting spent in this place.
 E = Time spent auto-exploring this place.
 F = Levels seen in this place.
 G = Mean time per level.
                   A        B        C        D        E       F      G
               +--------+--------+--------+--------+--------+-----+--------+
         Total |  60020 |  55501 |   4519 |  20542 |  23970 |  45 | 1333.8 |
       Dungeon |  19050 |  16707 |   2343 |   4519 |   9187 |  15 | 1270.0 |
        Temple |     94 |      2 |     92 |      0 |      0 |   1 |   94.0 |
          Lair |   8554 |   7690 |    864 |   2296 |   4134 |   5 | 1710.8 |
        Shoals |   6239 |   6113 |    126 |   2598 |   2518 |   4 | 1559.8 |
   Spider Nest |   6347 |   5855 |    492 |   2665 |   2096 |   4 | 1586.8 |
    Slime Pits |   2181 |   2176 |      5 |   1588 |     30 |   5 |  436.2 |
  Orcish Mines |   2512 |   2395 |    117 |    863 |    811 |   2 | 1256.0 |
   Elven Halls |   4807 |   4710 |     97 |   2107 |   1505 |   3 | 1602.3 |
        Vaults |   8310 |   7930 |    380 |   2995 |   3634 |   4 | 2077.5 |
        Bailey |   1791 |   1791 |      0 |    823 |     55 |   1 | 1791.0 |
      Ice Cave |    131 |    131 |      0 |     87 |      0 |   1 |  131.0 |
               +--------+--------+--------+--------+--------+-----+--------+

Top non-repeatable levels by time:
  Lair:5: 2556 daAuts
Vaults:3: 2402 daAuts
  Lair:4: 2187 daAuts
Vaults:2: 2145 daAuts
   Elf:3: 2100 daAuts
Shoals:4: 2060 daAuts
    D:14: 1995 daAuts
Vaults:1: 1958 daAuts
     D:9: 1889 daAuts
Vaults:4: 1803 daAuts
  Bailey: 1791 daAuts
  Lair:3: 1778 daAuts
Spider:1: 1723 daAuts
Shoals:1: 1711 daAuts
Spider:3: 1652 daAuts
